 Dungeon Crawl Stone Soup version 0.27.0-1-g7a08968 (webtiles) character file.

Game seed: 2688720500364240725

359 AmazingTV the Sneak (level 6, -1/32 HPs)
             Began as a Spriggan Brigand on Aug 30, 2021.
             Slain by Grinder (6 damage)
             ... while paralysed by Grinder
             ... on level 3 of the Dungeon.
             The game lasted 00:10:38 (3234 turns).

AmazingTV the Sneak (Spriggan Brigand)              Turns: 3234, Time: 00:10:38

Health: -1/32      AC:  3    Str:  9    XL:     6   Next: 37%
Magic:  7/7        EV:  4    Int: 18    God:
Gold:   112        SH:  0    Dex: 17    Spells: 5/5 levels left

rFire    . . .     SeeInvis +   m - +4 dagger
rCold    . . .     Faith    .   (shield restricted)
rNeg     . . .     Spirit   .   b - +0 robe
rPois    .         Reflect  .   (helmet restricted)
rElec    .         Harm     .   c - +0 cloak
rCorr    .         Rampage  .   (gloves unavailable)
Will     +....                  (boots unavailable)
Stlth    +++.......             i - amulet of regeneration
HPRegen  1.10/turn              t - +6 ring of intelligence
MPRegen  0.10/turn              (no ring)

@: paralysed, very quick
A: very small, no large weapons, unfitting armour, see invisible, speed 3
a: no special abilities


You were on level 3 of the Dungeon.
You visited 1 branch of the dungeon, and saw 3 of its levels.

You collected 112 gold pieces.

Inventory:

Hand Weapons
 a - a +2 dagger
 m - a +4 dagger (weapon)
Missiles
 d - 22 poisoned darts (quivered)
 e - 2 curare-tipped darts
Armour
 b - a +0 robe (worn)
 c - a +0 cloak (worn)
 l - a +0 buckler
Jewellery
 i - an amulet of regeneration (around neck)
 j - a ring of protection from fire
 t - a +6 ring of intelligence (left hand)
Scrolls
 f - a scroll of enchant weapon {unknown}
 g - 4 scrolls of identify {unknown}
 k - a scroll of amnesia {unknown}
 o - a scroll of vulnerability {unknown}
 q - a scroll of torment {unknown}
 r - a scroll of immolation {unknown}
Potions
 h - 4 potions of curing {unknown}
 n - 2 potions of flight {unknown}
 p - 2 potions of might {unknown}
 s - a potion of resistance {unknown}


   Skills:
 + Level 2.8 Fighting
 * Level 5.1 Short Blades
 + Level 3.5 Throwing
 + Level 3.8 Dodging
 - Level 5.8 Stealth


You had 5 spell levels left.
You didn't know any spells.
Your spell library contained the following spells:

 Spells                   Type           Power      Damage    Failure   Level
 Beastly Appendage        Tmut           0%         N/A       22%         1
 Pain                     Necr           0%         1d4       22%         1
 Sandblast                Erth           0%         2d4       22%         1
 Passwall                 Tmut/Erth      0%         N/A       32%         2
 Wereblood                Tmut           0%         N/A       32%         2
 Spider Form              Tmut/Pois      0%         N/A       54%         3
 Agony                    Necr           0%         N/A       99%         5
 Excruciating Wounds      Necr           0%         N/A       99%         5
 Lee's Rapid Deconstruct  Erth           0%         3d5*      99%         5


Dungeon Overview and Level Annotations

Branches:
Dungeon (3/15)

Altars:
Ashenzari
Makhleb
Uskayaw
Wu Jian
Zin

Annotations:
D:3 Grinder


Innate Abilities, Weirdness & Mutations

You are very small and have problems with some larger weapons.
You are too small for most types of armour.
You have supernaturally acute eyesight. (SInv)
You cover ground extremely quickly. (Speed+++)


Message History

You barely miss Grinder.
Grinder is moderately wounded.
Grinder gestures at you. Pain shoots through your body!
You barely miss Grinder.
Grinder is moderately wounded.
Grinder completely misses you.
You barely miss Grinder.
Grinder is moderately wounded.
Grinder blinks!
Grinder hits you.
You hit Grinder.
Grinder is heavily wounded.
You hit Grinder.
Grinder is heavily wounded.
Grinder hits you but does no damage.
You hit Grinder but do no damage.
Grinder is heavily wounded.
Grinder hits you.
You writhe in agony.
You hit Grinder but do no damage.
Grinder is heavily wounded.
You closely miss Grinder.
Grinder is heavily wounded.
Grinder hits you.
You hit Grinder.
Grinder is severely wounded.
Grinder closely misses you.
You barely miss Grinder.
Grinder is severely wounded.
Grinder gestures at you.
You suddenly lose the ability to move!
Grinder says, "My boss said I was rubbish.
His entrails said otherwise."
Grinder hits you.
You writhe in agony.
Grinder gestures at you. Pain shoots through your body! Grinder hits you.
Grinder hits you!
* * * LOW HITPOINT WARNING * * *
You writhe in agony.
You die...

.#####..........###.##.........##
.##.......###....##..#..#.†.....#
.##.....................#...#.#..
.##.......######.###....#.......#
..........######....#...#.#.....#
..##+##..##....#................†
..#...#..#.............#.#######.
#.#._.#.##..##.#.5...#>#.........
###...###...##.#@#.....#####.....
..#####...#.##.#.#.....### ##.##.
#...........##...........# #...#.
##.......####........###.###.#...
###....## #.##.#...# #.....####
##########.##.##### #####.#
#.......# ### ###.###.# #.# ###


You could see Grinder.

Vanquished Creatures
  Sigmund (D:3)
  Terence (D:2)
  Natasha (thrice) (D:2)
  2 adders
  2 worms
  2 dart slugs (D:3)
  7 ball pythons
  7 endoplasms
  3 giant cockroaches
  7 goblins
  8 hobgoblins
  9 jackals
  10 kobolds
  2 quokkas
  4 bats
  2 frilled lizards (D:1)
  4 rats
74 creatures vanquished.

Notes
Turn   | Place    | Note
-------+----------+-------------------------------------------
     0 | D:1      | AmazingTV the Spriggan Brigand began the quest for the Orb.
     0 | D:1      | Reached XP level 1. HP: 10/10 MP: 2/2
    75 | D:1      | Reached XP level 2. HP: 7/15 MP: 3/3
   925 | D:1      | Reached XP level 3. HP: 18/18 MP: 4/4
  1430 | D:2      | Noticed Terence
  1473 | D:2      | Killed Terence
  1474 | D:2      | Reached XP level 4. HP: 23/23 MP: 5/5
  1618 | D:2      | Found a faded altar of an unknown god.
  1865 | D:2      | Noticed Natasha
  1869 | D:2      | Killed Natasha
  2132 | D:2      | Noticed Natasha
  2202 | D:2      | Killed Natasha
  2257 | D:2      | Noticed Natasha
  2261 | D:2      | Killed Natasha
  2262 | D:2      | Reached XP level 5. HP: 27/27 MP: 6/6
  2288 | D:3      | Found a glowing silver altar of Zin.
  2408 | D:3      | Found a hide-covered altar of Uskayaw.
  2449 | D:3      | Noticed Sigmund
  2605 | D:3      | Killed Sigmund
  2606 | D:3      | Reached skill level 5 in Short Blades
  2606 | D:3      | Reached XP level 6. HP: 13/32 MP: 7/7
  2793 | D:3      | Noticed Grinder
  2795 | D:3      | Found a broken altar of Ashenzari.
  2963 | D:3      | Found an ornate altar of the Wu Jian Council.
  3010 | D:3      | Found a burning altar of Makhleb.
  3230 | D:3      | Paralysed by Grinder for 7 turns
  3234 | D:3      | Slain by Grinder

Illustrated notes

Levels and vault maps discovered:
D:1:      wheals_arrival_shading, layout_basic, chequers_serial_rivers_micro_e,
          serial_bayou_pond_b, chequers_serial_rivers_small_a,
          serial_bayou_crossing
D:2:      layout_loops_cross, dreamdust_ecumenical_altar_hidden_monk_grotto,
          uniq_natasha, uniq_terence
D:3:      layout_basic, pdpol_wu_jian_five_deadly_venoms,
          nicolae_ashenzari_skybound, bloody_makhleb,
          mainiacjoe_overflow_catch_the_wave, uniq_grinder, uniq_sigmund

Skill      XL: |  1  2  3  4  5 |
---------------+----------------+-----
Dodging        | 2 3 |  3.8
Short Blades   | 3 4 5 |  5.1
Fighting       | 2 |  2.8
Throwing       | 3 |  3.5
Stealth        | |  5.8

Action                   |  1- 3 |  4- 6 || total
-------------------------+-------+-------++-------
Melee: Dagger            |   141 |   160 ||   301
Throw: Dart              |    14 |    28 ||    42
 Stab: Sleeping          |    10 |    11 ||    21
       Distracted        |       |     1 ||     1
Armor: Robe              |    16 |     8 ||    24
Dodge: Dodged            |    93 |    95 ||   188
